 Dungeon Crawl Stone Soup version 0.26-a0-1191-ge2a0e31ab3 (webtiles) character file.

Game seed: 5932826046093629557

653 HoaS the Grappler (level 7, -1/55 HPs)
             Began as a Ghoul Gladiator on Dec 28, 2020.
             Was a Follower of Makhleb.
             Slain by Duvessa
             ... wielding a +0 short sword
              (4 damage)
             ... on level 4 of the Dungeon.
             The game lasted 00:07:08 (2736 turns).

HoaS the Grappler (Ghoul Gladiator)                 Turns: 2736, Time: 00:07:09

Health: -1/55      AC:  9    Str: 20    XL:     7   Next: 54%
Magic:  6/6        EV: 11    Int:  3    God:    Makhleb [*.....]
Gold:   253        SH:  5    Dex: 10    Spells: 6/6 levels left

rFire    . . .     SeeInvis .     - Unarmed
rCold    + . .     Faith    .   (no shield)
rNeg     + + +     Spirit   .   d - +0 ring mail (curse)
rPois    ∞         Reflect  +   b - +1 helmet
rElec    .         Harm     .   h - +1 cloak
rCorr    .         Rampage  .   (no gloves)
Will     .....                  (no boots)
Stlth    ..........             m - amulet of reflection
HPRegen  0.00/turn              p - ring of flight
MPRegen  0.10/turn              (no ring)

@: no status effects
A: claws 1, cold resistance 1, negative energy resistance 3, inhibited
regeneration, torment resistance, unbreathing
a: Renounce Religion, Evoke Flight


You were on level 4 of the Dungeon.
You worshipped Makhleb.
Makhleb was aware of your devotion.
You visited 1 branch of the dungeon, and saw 4 of its levels.

You collected 253 gold pieces.

Inventory:

Missiles
 c - 5 throwing nets (quivered)
 j - 4 boomerangs
 n - 13 poisoned darts
Armour
 b - a +1 helmet (worn)
 d - a cursed +0 ring mail (worn)
 h - a +1 cloak (worn)
 l - a +0 chain mail
Jewellery
 m - an amulet of reflection (around neck)
 p - a ring of flight (left claw)
 s - an uncursed amulet of magic regeneration {unknown}
 x - an uncursed ring of ice {unknown}
Wands
 y - a wand of polymorph (2)
Scrolls
 q - 5 scrolls of identify
 r - 2 scrolls of blinking
 w - a scroll of teleportation
Potions
 a - a potion of resistance {unknown}
 e - 2 potions of ambrosia {unknown}
 f - 2 potions of flight
 g - a potion of haste {unknown}
 i - a potion of degeneration {unknown}
 k - a potion of attraction {unknown}
 o - a potion of mutation {unknown}
 t - a potion of cancellation {unknown}
 u - a potion of invisibility {unknown}
 v - a potion of magic {unknown}


   Skills:
 - Level 2.1 Fighting
 - Level 1.7 Throwing
 - Level 2.6 Dodging
 + Level 9.3 Unarmed Combat


You had 6 spell levels left.
You didn't know any spells.
Your spell library was empty.

Dungeon Overview and Level Annotations

Branches:
Dungeon (4/15)
 Temple: D:4-7

Altars:
Ashenzari
Dithmenos
Fedhas
Makhleb
Trog
Uskayaw
Wu Jian

Annotations:
D:4 Duvessa


Innate Abilities, Weirdness & Mutations

You thrive by killing the living.
You are immune to poison.
You have sharp fingernails.
Your flesh is cold resistant. (rC+)
You are immune to negative energy. (rN+++)
You do not regenerate when monsters are visible.
You are immune to unholy pain and torment.
You can survive without breathing.


Message History

Duvessa is severely wounded.
The quokka barely misses you. Duvessa hits you but does no damage.
You completely miss Duvessa.
Duvessa is severely wounded.
Duvessa misses you. The quokka closely misses you.
You barely miss Duvessa.
Duvessa is severely wounded.
You block Duvessa's attack.
The quokka bites you but does no damage.
Okay, then.
You closely miss Duvessa.
Duvessa is severely wounded.
Duvessa hits you with a +0 short sword.
* * * LOW HITPOINT WARNING * * *
The quokka bites you but does no damage.
Duvessa hits you but does no damage.
You barely miss Duvessa.
Duvessa is severely wounded.
Duvessa hits you with a +0 short sword.
You die...

##########....#
..............#
....?.........#
.........$....#
........^.....#
..............#
..............#
.......er.....#
########@.>...#
##########......#
................#
......##........#
##............#
#............#
#............#
##..)####.#..#
#..## .....[


You could see Duvessa (berserk) and a quokka.

Vanquished Creatures
  An ogre (D:4)
  The ghost of Scuka the Ruffian, an amateur DrTm of Okawaru (D:3)
  Dowan (D:4)
  A howler monkey (D:3)
  Crazy Yiuf (D:2)
  A jelly (D:3)
  An orc wizard (D:3)
  Terence (D:2)
  3 worker ants (D:3)
  7 gnolls
  5 adders
  2 oozes
  A worm (D:2)
  A dart slug (D:4)
  3 leopard geckos
  8 orcs
  3 ball pythons
  3 giant cockroaches
  7 goblins
  6 hobgoblins
  5 jackals (D:1)
  2 quokkas
  5 bats (D:2)
  7 frilled lizards
  12 kobolds
  8 rats
96 creatures vanquished.

Vanquished Creatures (others)
  4 toadstools (D:1)
4 creatures vanquished.

Grand Total: 100 creatures vanquished

Notes
Turn   | Place    | Note
-------+----------+-------------------------------------------
     0 | D:1      | HoaS the Ghoul Gladiator began the quest for the Orb.
     0 | D:1      | Reached XP level 1. HP: 17/17 MP: 0/0
    85 | D:1      | Reached XP level 2. HP: 20/24 MP: 1/1
   139 | D:1      | Reached skill level 4 in Unarmed Combat
   262 | D:1      | Reached XP level 3. HP: 17/29 MP: 2/2
   640 | D:2      | Found a runed translucent door.
   641 | D:2      | Noticed Crazy Yiuf
   747 | D:2      | Reached skill level 5 in Unarmed Combat
   819 | D:2      | Reached XP level 4. HP: 36/36 MP: 3/3
   821 | D:2      | Noticed Terence
   842 | D:2      | Killed Terence
   907 | D:2      | Found a hide-covered altar of Uskayaw.
  1100 | D:2      | Reached skill level 6 in Unarmed Combat
  1263 | D:2      | Killed Crazy Yiuf
  1264 | D:2      | Reached XP level 5. HP: 41/41 MP: 4/4
  1412 | D:3      | Found a bloodstained altar of Trog.
  1414 | D:3      | Found a broken altar of Ashenzari.
  1493 | D:3      | Found a runed translucent door.
  1493 | D:3      | Noticed Scuka's ghost (amateur DrTm)
  1588 | D:3      | Found a faded altar of an unknown god.
  1607 | D:3      | Reached skill level 7 in Unarmed Combat
  1607 | D:3      | Reached XP level 6. HP: 42/48 MP: 5/5
  1689 | D:3      | Found an ornate altar of the Wu Jian Council.
  1689 | D:3      | Found a faded altar of an unknown god.
  1694 | D:3      | Found a faded altar of an unknown god.
  1696 | D:3      | Found a burning altar of Makhleb.
  1698 | D:3      | Found a shadowy altar of Dithmenos.
  1738 | D:3      | Became a worshipper of Makhleb the Destroyer
  1940 | D:3      | Found a blossoming altar of Fedhas.
  2172 | D:3      | Killed Scuka's ghost
  2173 | D:3      | Reached skill level 8 in Unarmed Combat
  2237 | D:3      | Reached XP level 7. HP: 23/55 MP: 6/6
  2498 | D:4      | Noticed Dowan
  2526 | D:4      | Reached skill level 9 in Unarmed Combat
  2548 | D:3      | Reached * piety under Makhleb
  2685 | D:4      | Killed Dowan
  2713 | D:4      | Noticed Duvessa
  2736 | D:4      | Slain by Duvessa

Illustrated notes

Levels and vault maps discovered:
D:1:      ldierk_walled_garden_2, layout_rooms
D:2:      layout_loops_ring, eat_drink_and_be_merry_uskayaw, uniq_terence,
          uniq_crazy_yiuf_cottage
D:3:      layout_loops_ring, lemuel_round_altar,
          chequers_temple_overflow_minitemple, grunt_temple_overflow_open,
          chequers_ecumenical_altar_island, hellmonk_ghost_happy_afterlife
D:4:      kb_forest_paths, layout_rooms, uniq_duvessa

Skill      XL: |  1  2  3  4  5  6  7 |
---------------+----------------------+-----
Unarmed Combat | 4 5 6 7 8 9 |  9.3
Fighting       | |  2.1
Throwing       | |  1.7
Dodging        | |  2.6

Action                   |  1- 3 |  4- 6 |  7- 9 || total
-------------------------+-------+-------+-------++-------
Melee: Unarmed           |   112 |   160 |    55 ||   327
       Punch             |     3 |     4 |     1 ||     8
  Use: Scroll            |     5 |     6 |       ||    11
Armor: Ring mail         |    36 |    29 |    20 ||    85
Dodge: Dodged            |    48 |    62 |    25 ||   135
Block: Other             |    10 |    37 |    12 ||    59

Table legend: (Time is in decaauts)
 A = Elapsed time spent in this place.
 B = Non-inter-level travel time spent in this place.
 C = Inter-level travel time spent in this place.
 D = Time resting spent in this place.
 E = Time spent auto-exploring this place.
 F = Levels seen in this place.
 G = Mean time per level.
                   A        B        C        D        E       F      G
               +--------+--------+--------+--------+--------+-----+--------+
         Total |   2708 |   2531 |    177 |    292 |   1587 |   4 |  677.0 |
       Dungeon |   2708 |   2531 |    177 |    292 |   1587 |   4 |  677.0 |
               +--------+--------+--------+--------+--------+-----+--------+

Top non-repeatable levels by time:
     D:3: 1187 daAuts
     D:2: 768 daAuts
     D:1: 561 daAuts
     D:4: 191 daAuts
